 Dungeon Crawl Stone Soup version 0.28.0-45-g0d030f2227 (webtiles) character file.

Game seed: 17950791724565001953

2036 MalarOregon the Skirmisher (level 9, -15/115 HPs)
             Began as a Palentonga Berserker on Apr 22, 2022.
             Was a Believer of Trog.
             Demolished by a gargoyle
             ... wielding a +0 morningstar
              (20 damage)
             ... on level 6 of the Dungeon.
             The game lasted 00:16:38 (8576 turns).

MalarOregon the Skirmisher (Palentonga Berserker)   Turns: 8576, Time: 00:16:39

Health: -15/115    AC: 17    Str: 26    XL:     9   Next: 4%
Magic:  9/9        EV:  9    Int:  7    God:    Trog [**....]
Gold:   96         SH:  0    Dex:  9    Spells: 8/8 levels left

rFire   . . .      SeeInvis +   a - +0 dire flail (vorpal)
rCold   . . .      Faith    .   (shield currently unavailable)
rNeg    . . .      Spirit   .   s - +3 scale mail {rPois}
rPois   +          Reflect  .   (no helmet)
rElec   .          Harm     .   (no cloak)
rCorr   .          Rampage  .   (no gloves)
Will    .....                   (no barding)
Stlth   ..........              (no amulet)
HPRegen 0.29/turn               t - ring of flight
MPRegen 0.11/turn               (no ring)

@: berserking, flying, curled up, very quick
A: large, rugged brown scales 3, see invisible, deformed body, roll 1, armoured
tail, reflexive curl
a: Rolling Charge, Renounce Religion, Berserk, Trog's Hand


You were on level 6 of the Dungeon.
You worshipped Trog.
Trog was pleased with you.
You visited 1 branch of the dungeon, and saw 6 of its levels.
You also visited: Sewer.

You collected 234 gold pieces.
You spent 138 gold pieces at shops.


Innate Abilities, Weirdness & Mutations

You are completely covered in rugged brown scales. (AC +3, +7% HP)
You have supernaturally acute eyesight. (SInv)
Armour fits poorly on your strangely shaped body.
You can roll at nearby foes to attack.
You have a long armoured tail.
You curl defensively after being hit. (AC +7*)


   Skills:
 * Level 7.0 Fighting
 * Level 6.9 Axes
 + Level 3.1 Throwing
 + Level 4.0 Armour
 + Level 4.0 Dodging


You had 8 spell levels left.
You didn't know any spells.
Your spell library was empty.

Inventory:

Hand Weapons
 a - a +0 vorpal dire flail (weapon)
   (You took it off Edmund on level 6 of the Dungeon)
 b - a +0 flail of venom
   (You took it off a gnoll on level 3 of the Dungeon)
 m - a +0 hand axe of freezing
 x - a +5 vorpal war axe
   (You took it off a wight on level 4 of the Dungeon)
Missiles
 e - 2 throwing nets {!f}
 i - 163 stones (quivered)
 o - 2 poisoned darts
Armour
 s - a +3 scale mail of poison resistance (worn)
   (You bought it in a shop on level 5 of the Dungeon)
Jewellery
 t - a ring of flight (left hand)
   (You found it on level 5 of the Dungeon)
Wands
 n - a wand of polymorph (5)
   (You found it in a sewer)
 u - a wand of charming (7)
   (You found it on level 5 of the Dungeon)
Scrolls
 c - 2 scrolls of fog
 d - 2 scrolls of magic mapping
 f - a scroll of immolation {unknown}
 g - 3 scrolls of brand weapon
 h - a scroll of enchant weapon
 k - a scroll of blinking {unknown}
 q - 2 scrolls of teleportation {unknown}
 v - a scroll of noise {unknown}
Potions
 j - a potion of heal wounds {@q2}
 l - 2 potions of curing {@q1}
 p - a potion of mutation {!q}
 r - a potion of might
 w - a potion of brilliance {unknown}

Dungeon Overview and Level Annotations

Branches:
Dungeon (6/15)             Temple (0/1) D:6           Sewer (visited)

Altars:
Wu Jian

Shops:
D:1 :   D:5 *

Annotations:
D:4 1 runed translucent door, Crazy Yiuf

#........# ####
#........# #........#
#........# ##########
##########
######.........
.......@9..#############
.......)................
............#####.......
............# #.######
#######'###.# #)# #.#
#.# #.# #.# #.# #.# #.#
#.# #.# #. #.# #.#


You could see a gargoyle.


Message History

Dowan, Brother of Duvessa comes into view.
He is wielding a +0 great sword.
Dowan shouts!
Dowan seems to find hidden reserves of power!
A bullfrog skeleton comes into view.
Roll where?
Press: ? - help, Dir - move target, f - Dowan
Aim: Dowan, wielding a +0 great sword and wearing a +0 robe (fast)
You roll forward with a clatter of scales!
You hit Dowan.
Your tail-slap misses Dowan.
Dowan barely misses you.
Dowan mumbles some strange words.
Dowan blinks!
Roll where?
Press: ? - help, Dir - move target, f/p - Dowan
Aim: Dowan, wielding a +0 great sword and wearing a +0 robe (lightly wounded, fast)
You roll forward with a clatter of scales!
You barely miss Dowan.
Dowan points at you and mumbles some strange words.
The stone arrow misses you.
You closely miss Dowan.
Your tail-slap misses Dowan.
Dowan closely misses you. Dowan barely misses you.
You thump Dowan! Dowan misses you.
Dowan casts a spell.
Dowan blinks!
You puncture the bullfrog skeleton!
The bullfrog skeleton hits you but does no damage. x2
You bludgeon the bullfrog skeleton!!
You destroy the bullfrog skeleton!
Trog accepts your kill.
You closely miss Dowan.
Your tail-slap misses Dowan.
Dowan hits you with a +0 great sword.
Dowan says, "Her death will not be in vain!"
Dowan barely misses you.
You completely miss Dowan.
Dowan breathes, "And she was my only..."
Dowan mumbles some strange words.
Dowan blinks!
There's nothing you can charge at!
Unknown command.
A gargoyle comes into view. It is wielding a +0 morningstar.
Roll where?
Press: ? - help, Dir - move target, f/p - Dowan
Aim: Dowan, wielding a +0 great sword and wearing a +0 robe (almost dead, fast)
You roll forward with a clatter of scales!
You barely miss Dowan. Dowan closely misses you.
Dowan points at you and mumbles some strange words.
The shard of ice hits you but does no damage.
You closely miss Dowan.
Your tail-slap misses Dowan.
Dowan closely misses you. The gargoyle barely misses you.
You barely miss Dowan. Dowan hits you with a +0 great sword.
Dowan gestures wildly while chanting.
Dowan blinks!
The gargoyle hits you but does no damage.
Roll where?
Press: ? - help, Dir - move target, f/p - Dowan
Aim: Dowan, wielding a +0 great sword and wearing a +0 robe (almost dead, fast)
You roll forward with a clatter of scales!
You barely miss Dowan.
Dowan mumbles some strange words.
Dowan blinks!
You hit the gargoyle.
The gargoyle hurls a stone arrow at you.
The stone arrow misses you.
You barely miss the gargoyle.
Dowan mumbles some strange words.
Dowan blinks!
Dowan hits you but does no damage.
The gargoyle hits you but does no damage.
You miss Dowan.
Your tail-slap misses Dowan.
Dowan says, "Her death will not be in vain!"
Dowan hits you with a +0 great sword.
The gargoyle hurls a stone arrow at you.
The stone arrow misses you. Dowan hits you with a +0 great sword!
You puncture Dowan!
You kill Dowan!
Trog accepts your kill.
Trog appreciates your killing of a magic user.
The gargoyle hurls a stone arrow at you.
The stone arrow misses you.
Your Fighting skill increases to level 7!
Your Dodging skill increases to level 4!
You barely miss the gargoyle.
The gargoyle hurls a stone arrow at you.
The stone arrow hits you!!
* * * LOW HITPOINT WARNING * * *
You hit the gargoyle.
You tail-slap the gargoyle, but do no damage.
The gargoyle hurls a stone arrow at you.
The stone arrow hits you!!
* * * LOW HITPOINT WARNING * * *
Okay, then.
Okay, then.
A red film seems to cover your vision as you go berserk!
You feel yourself moving faster!
You feel mighty!
The gargoyle hits you but does no damage.
You barely miss the gargoyle.
The gargoyle hits you with a +0 morningstar!
* * * LOW HITPOINT WARNING * * *
You hit the gargoyle. You hit the gargoyle. You tail-slap the gargoyle.
The gargoyle hits you with a +0 morningstar!!
You die...

Skill      XL: |  1  2  3  4  5  6  7  8  9 |
---------------+----------------------------+-----
Armour         | 2 3 4 |  4.0
Fighting       | 4 5 6 7 |  7.0
Axes           | 4 5 6 |  6.9
Throwing       | 1 2 3 |  3.1
Dodging        | 2 3 4 |  4.0

Action                   |  1- 3 |  4- 6 |  7- 9 || total
-------------------------+-------+-------+-------++-------
Melee: Hand axe          |    92 |    81 |    68 ||   241
       Tailslap          |     9 |     8 |    22 ||    39
       Dagger            |    12 |       |       ||    12
       War axe           |       |       |   102 ||   102
       Flail             |       |       |    13 ||    13
       Punch             |       |       |     1 ||     1
       Dire flail        |       |       |    21 ||    21
Throw: Stone             |       |    19 |     4 ||    23
       Dart              |       |     2 |       ||     2
Invok: Berserk           |     2 |     4 |    11 ||    17
       Trog's Hand       |     1 |     1 |     2 ||     4
 Abil: Rolling Charge    |     1 |     1 |    13 ||    15
  Use: Scroll            |     3 |     2 |     7 ||    12
 Stab: Sleeping          |     1 |       |       ||     1
Armor: Animal skin       |    43 |       |       ||    43
       Leather armour    |       |    18 |    35 ||    53
       Scale mail        |       |       |    27 ||    27
Dodge: Dodged            |    55 |    29 |   104 ||   188

Levels and vault maps discovered:
D:1:      dpeg_arrival_renting, layout_basic, nicolae_ecumenical_lake_church,
          serial_shops, shop, minivault_11
D:2:      cheibrodos_old_hovel, layout_basic
D:3:      lemuel_castle_with_subvaults [lemuel_castle_interior_carwin_2],
          layout_loops_ring, gup_sewer_entry_pipe, serial_park_tiny_pond
D:4:      layout_rooms, kennysheep_generic_room_3, uniq_eustachio,
          uniq_crazy_yiuf_cottage
D:5:      layout_rooms, nicolae_shop_clearance
D:6:      layout_basic, mainiacjoe_overflow_cross_hatched,
          minmay_temple_entry_from_below_a, uniq_blork_the_orc, uniq_duvessa,
          uniq_edmund

Notes
Turn   | Place    | Note
-------+----------+-------------------------------------------
     0 | D:1      | MalarOregon the Palentonga Berserker began the quest for
                  | the Orb.
     0 | D:1      | Reached XP level 1. HP: 19/19 MP: 1/1
   165 | D:1      | Found a faded altar of an unknown god.
   217 | D:1      | Found Qaluklest's Book Emporium.
   381 | D:1      | Reached XP level 2. HP: 21/25 MP: 2/2
  1372 | D:2      | Reached XP level 3. HP: 24/31 MP: 3/3
  1576 | D:2      | Identified the +5 dagger "Kegrauck" {protect, rF+ MP+9}
  1928 | D:3      | Reached skill level 2 in Armour
  1963 | D:3      | Found a glowing drain.
  1972 | D:3      | Reached ** piety under Trog
  2164 | Sewer    | Entered a sewer
  2206 | Sewer    | Noticed a water moccasin
  2217 | Sewer    | Killed a water moccasin
  2218 | Sewer    | Reached skill level 4 in Fighting
  2218 | Sewer    | Reached skill level 4 in Axes
  2218 | Sewer    | Reached skill level 1 in Throwing
  2218 | Sewer    | Reached skill level 2 in Dodging
  2218 | Sewer    | Reached XP level 4. HP: 15/39 MP: 4/4
  2218 | Sewer    | Reached XP level 5. HP: 17/44 MP: 5/5
  2902 | D:3      | Reached XP level 6. HP: 35/52 MP: 6/6
  3391 | D:3      | HP: 15/78 [gnoll shaman/+0 whip (8)]
  3791 | D:3      | Gained mutation: You curl defensively after being hit. (AC
                  | +7*) [Palentonga growth]
  3791 | D:3      | Reached XP level 7. HP: 58/58 MP: 7/7
  3905 | D:3      | Reached skill level 5 in Fighting
  3905 | D:3      | Reached skill level 5 in Axes
  4060 | D:3      | Reached skill level 3 in Armour
  4780 | D:3      | Reached skill level 2 in Throwing
  5831 | D:4      | Found a runed translucent door.
  5832 | D:4      | Noticed Crazy Yiuf
  5979 | D:4      | Reached skill level 3 in Dodging
  6932 | D:4      | Noticed Eustachio
  6941 | D:4      | Killed Eustachio
  6942 | D:4      | Reached XP level 8. HP: 68/68 MP: 8/8
  7121 | D:5      | Entered Level 5 of the Dungeon
  7139 | D:5      | Found Vyxo's CLEARANCE SALE!.
  7144 | D:5      | Reached skill level 6 in Fighting
  7144 | D:5      | Reached skill level 6 in Axes
  7198 | D:5      | Bought a +3 scale mail of poison resistance for 138 gold
                  | pieces
  7839 | D:6      | Noticed Duvessa
  7858 | D:6      | Killed Duvessa
  8220 | D:6      | Noticed Blork the orc
  8227 | D:6      | Killed Blork the orc
  8290 | D:6      | Found an ornate altar of the Wu Jian Council.
  8343 | D:6      | Reached skill level 3 in Throwing
  8347 | D:6      | Found a staircase to the Ecumenical Temple.
  8473 | D:6      | Noticed Edmund
  8481 | D:6      | Killed Edmund
  8482 | D:6      | Reached skill level 4 in Armour
  8482 | D:6      | Reached XP level 9. HP: 75/75 MP: 9/9
  8553 | D:6      | Noticed Dowan
  8562 | D:6      | Noticed a gargoyle
  8570 | D:6      | Killed Dowan
  8571 | D:6      | Reached skill level 7 in Fighting
  8571 | D:6      | Reached skill level 4 in Dodging
  8572 | D:6      | HP: 11/77 [gargoyle/stone arrow (25)]
  8574 | D:6      | HP: 5/115 [gargoyle/+0 morningstar (12)]
  8576 | D:6      | Demolished by a gargoyle

Vanquished Creatures
  A wyvern (D:5)
  Eustachio (D:4)
  Edmund (D:6)
  A water moccasin (Sewer)
  Duvessa (D:6)
  An orc warrior (D:6)
  A centaur (D:6)
  An ogre (D:3)
  Blork the orc (D:6)
  A water moccasin zombie (D:5)
  A scorpion (D:5)
  Dowan (D:6)
  5 wights (D:4)
  3 howler monkeys (D:3)
  2 hounds
  A bullfrog skeleton (D:6)
  2 gnoll shamans (D:3)
  A jelly (D:5)
  A centaur skeleton (D:4)
  3 iguanas
  An orc wizard (D:3)
  18 gnolls (D:3)
  4 adders
  2 ufetubi (D:4)
  A worm (D:3)
  A dart slug (D:4)
  14 orcs
  An endoplasm (D:4)
  5 giant cockroaches
  3 goblins
  2 hobgoblins
  21 jackals
  5 kobolds
  8 quokkas
  9 ball pythons
  2 bats
  2 frilled lizards (D:1)
  3 rats
132 creatures vanquished.

Vanquished Creatures (others)
  4 plants (D:3)
4 creatures vanquished.

Grand Total: 136 creatures vanquished

Table legend:
 A = Non-vault XP
 B = Vault XP
 C = Vault XP percentage of total XP
 D = Non-vault monster count
 E = Vault monster count
 F = Vault count percentage of total count
                 A         B        C        D         E       F
            +---------+---------+-------+---------+---------+-------
      Total |    1330 |    1579 |  54.3 |      63 |      69 |  52.3
            +---------+---------+-------+---------+---------+-------
        D:1 |      15 |       0 |   0.0 |      10 |       0 |   0.0
        D:2 |      40 |       1 |   2.4 |      10 |       1 |   9.1
        D:3 |      27 |     761 |  96.6 |       8 |      59 |  88.1
        D:4 |     406 |     199 |  32.9 |      22 |       2 |   8.3
        D:5 |     499 |       0 |   0.0 |       7 |       0 |   0.0
        D:6 |     343 |     463 |  57.4 |       6 |       4 |  40.0
      Sewer |       0 |     155 | 100.0 |       0 |       3 | 100.0
            +---------+---------+-------+---------+---------+-------

Illustrated notes

Table legend:
 A = Kills in this place as a percentage of kills in entire the game.
 B = Kills by you in this place as a percentage of kills by you in the entire game.
 C = Kills by friends in this place as a percentage of kills by friends in the entire game.
 D = Other kills in this place as a percentage of other kills in the entire game.
 E = Experience gained in this place as a percentage of experience gained in the entire game.
 F = Experience gained in this place divided by the number of levels of this place that you have seen.
                   A       B       C       D       E      F
               +-------+-------+-------+-------+-------+----------------------
         Total | 100.0 | 100.0 |   N/A |   N/A | 100.0 | 415.6
       Dungeon |  97.7 |  97.7 |   N/A |   N/A |  94.7 | 459.0
         Sewer |   2.3 |   2.3 |   N/A |   N/A |   5.3 | 155.0
               +-------+-------+-------+-------+-------+----------------------

Table legend: (Time is in decaauts)
 A = Elapsed time spent in this place.
 B = Non-inter-level travel time spent in this place.
 C = Inter-level travel time spent in this place.
 D = Time resting spent in this place.
 E = Time spent auto-exploring this place.
 F = Levels seen in this place.
 G = Mean time per level.
                   A        B        C        D        E       F      G
               +--------+--------+--------+--------+--------+-----+--------+
         Total |   8817 |   8542 |    275 |   2422 |   4820 |   7 | 1259.6 |
       Dungeon |   8484 |   8209 |    275 |   2205 |   4750 |   6 | 1414.0 |
         Sewer |    332 |    332 |      0 |    217 |     69 |   1 |  332.0 |
               +--------+--------+--------+--------+--------+-----+--------+

Top non-repeatable levels by time:
     D:3: 3805 daAuts
     D:1: 1313 daAuts
     D:4: 1078 daAuts
     D:6: 828 daAuts
     D:2: 824 daAuts
     D:5: 634 daAuts
   Sewer: 332 daAuts
